 Dungeon Crawl Stone Soup version 0.15.0-23-gc2b521c (console) character file.

1667 gw the Basher (level 8, -10/71 HPs)
             Began as a Minotaur Fighter on Sept 8, 2014.
             Was a Believer of Okawaru.
             Mangled by an orc warrior
             ... wielding a +2 mace of protection
              (12 damage)
             ... on Level 6 of the Dungeon.
             The game lasted 00:03:57 (6400 turns).

gw the Basher (Minotaur Fighter)                    Turns: 6400, Time: 00:03:57

HP -10/71        AC 12     Str 23      XL: 8   Next: 69%
MP   8/8         EV 10     Int  5      God: Okawaru [**....]
Gold 0           SH  0     Dex 11      Spells:  0 memorised,  7 levels left

rFire  . . .     SeeInvis .     b - +2 morningstar
rCold  . . .     Clarity  +     l - +0 chain mail (curse)
rNeg   . . .     rCorr    .     (no shield)
rPois  .         rRot     .     (helmet restricted)
rElec  .         Spirit   .     (no cloak)
SustAb .         Warding  .     (no gloves)
rMut   .         Stasis   .     (no boots)
Gourm  .                        t - amulet of clarity
MR     .....                    o - +2 ring of evasion
                                m - +1 ring of strength

@: heroism, not resistant to hostile enchantments, extremely unstealthy
A: retaliatory headbutt, horns 2
a: Heroism, Renounce Religion


You were on level 6 of the Dungeon.
You worshipped Okawaru.
Okawaru was pleased with you.
You were not hungry.

You visited 2 branches of the dungeon, and saw 7 of its levels.

Inventory:

Hand weapons
 b - a +2 morningstar (weapon)
Missiles
 e - 5 tomahawks
 f - 2 poisoned tomahawks
 q - 81 stones (quivered)
Armour
 l - a cursed +0 chain mail (worn)
Magical devices
 k - a wand of digging (10) {unknown}
 u - a wand of digging (7) {unknown}
Comestibles
 d - 3 bread rations
 g - a beef jerky
 i - a royal jelly
 p - 4 meat rations
 v - a chunk of worker ant flesh
Scrolls
 a - a scroll of identify
 h - a scroll of remove curse
 r - a scroll of enchant armour
Jewellery
 m - a +1 ring of strength (left hand)
 o - a +2 ring of evasion (right hand)
 t - an amulet of clarity (around neck)
Potions
 c - a potion of restore abilities
 j - a potion of invisibility
 s - 2 potions of curing


   Skills:
 + Level 6.6(11.6) Fighting
 * Level 8.4(13.4) Maces & Flails
 + Level 4.5(9.5) Throwing
 + Level 6.4(11.4) Armour
   Level 3.6(8.6) Shields
 + Level 3.5 Invocations


You had 7 spell levels left.
You didn't know any spells.

Dungeon Overview and Level Annotations

Branches:
Dungeon (6/15)             Temple (1/1) D:4

Altars:
Ashenzari
Cheibriados
Dithmenos
Elyvilon
Fedhas
Kikubaaqudgha
Makhleb
Nemelex Xobeh
Okawaru
Qazlal
Sif Muna
Trog
Vehumet
Xom
Yredelemnul
Zin
The Shining One

Shops:
D:6 [

Annotations:
D:4 exclusion: 2 downstairs
D:6 Eustachio


Innate Abilities, Weirdness & Mutations

You reflexively headbutt those who attack you in melee.
You have a pair of horns on your head.


Message History

The orc wizard barely misses you. The orc hits you but does no damage.
ATTACK MOVE TO (-1,0)
You hit the orc wizard but do no damage.
The orc wizard is severely wounded.
The bat hits you but does no damage.
The orc wizard becomes somewhat translucent.
The orc warrior hits you but does no damage.
The crimson imp hits you.
Eustachio screams, "This atrocity can only be purified with blood!"
Eustachio mumbles some strange words.
Eustachio blinks!
ATTACK MOVE TO (-1,-1)
You barely miss the bat. Your headbutt misses the bat.
The bat hits you but does no damage.
The orc wizard hits you but does no damage.
The rat twitches its whiskers.
The orc closely misses you.
The crimson imp hits you but does no damage.
The orc warrior hits you with a runed mace!
You die...

... #.##.# ##
......... ....##
(.........# #...#
.....!...?.# #..#
.>.P.......@##
#..###
.....b.......#
#.....
........[....#
#.....
.......)o5r%..#
#.....
.....).oHor...##
#.....
#####.###5.....#
#....( #....(.##
#.....
###).#..####.....
#..##...##.....
#..####........
#(.# #...####.
#..# #.#.## #.
#..# #.#....#.


You could see Eustachio, an orc warrior, an active ballistomycete, an orc
wizard, a crimson imp, a green rat, an orc, an ufetubus, a bat and a rat.

Table legend:
 A = Turns spent in this place as a percentage of turns spent in the entire game.
 B = Non-inter-level travel turns spent in this place as a percentage of non-inter-level travel turns spent in the entire game.
 C = Inter-level travel turns spent in this place as a percentage of turns spent in this place.
 D = Turns resting spent in this place as a percentage of non-inter-level travel turns spent in this place.
 E = Turns spent auto-exploring this place as a percentage of non-inter-level travel turns spent in this place.
 F = Non-inter-level travel turns spent in this place divided by the number of levels of this place that you've seen.
                   A       B       C       D       E      F
               +-------+-------+-------+-------+-------+----------------------
         Total | 100.0 | 100.0 |   1.6 |   5.5 |  17.4 | 236.3
       Dungeon |  99.0 |  99.1 |   1.6 |   5.6 |  17.3 | 273.2
        Temple |   1.0 |   0.9 |   6.2 |   0.0 |  20.0 |  15.0
               +-------+-------+-------+-------+-------+----------------------

Table legend:
 A = Kills in this place as a percentage of kills in entire the game.
 B = Kills by you in this place as a percentage of kills by you in the entire game.
 C = Kills by friends in this place as a percentage of kills by friends in the entire game.
 D = Other kills in this place as a percentage of other kills in the entire game.
 E = Experience gained in this place as a percentage of experience gained in the entire game.
 F = Experience gained in this place divided by the number of levels of this place that you have seen.
                   A       B       C       D       E      F
               +-------+-------+-------+-------+-------+----------------------
         Total | 100.0 | 100.0 |  -nan |  -nan | 100.0 | 340.3
       Dungeon | 100.0 | 100.0 |  -nan |  -nan | 100.0 | 397.0
               +-------+-------+-------+-------+-------+----------------------

Vanquished Creatures
  The ghost of gw the Cudgeler, an experienced MiFi (D:5)
  Menkaure (D:5)
  An ice beast (D:5)
  A sky beast (D:5)
  A centaur (D:4)
  An ogre (D:6)
  Sigmund (D:6)
  2 giant frogs (D:6)
  4 crimson imps
  3 hounds
  2 orc priests
  3 orc wizards
  4 worker ants
  Ijyb (D:5)
  3 gnolls (D:4)
  An orc skeleton (D:5)
  8 adders
  A shadow imp (D:6)
  2 giant mites
  An ufetubus (D:6)
  2 giant geckos
  11 orcs
  12 bats
  A bat skeleton (D:4)
  5 giant cockroaches
  17 goblins
  8 hobgoblins
  9 jackals
  7 quokkas
  2 ball pythons (D:1)
  2 giant newts
  A goblin skeleton (D:5)
  A hobgoblin zombie (D:6)
  A jackal skeleton (D:5)
  17 kobolds
  2 kobold skeletons (D:5)
  13 rats
  A rat skeleton (D:5)
  A ballistomycete (D:6)
155 creatures vanquished.

Vanquished Creatures (others)
  Prince Ribbit (D:6)
  An orc warrior (D:6)
  An orc (D:6)
  A giant spore (D:6)
  A hobgoblin zombie (D:6)
5 creatures vanquished.

Grand Total: 160 creatures vanquished

Notes
Turn   | Place    | Note
--------------------------------------------------------------
     0 | D:1      | gw, the Minotaur Fighter, began the quest for the Orb.
     0 | D:1      | Reached XP level 1. HP: 19/19 MP: 1/1
   246 | D:1      | Reached XP level 2. HP: 26/26 MP: 1/1
   529 | D:1      | Reached skill level 1 in Throwing
   969 | D:2      | Reached XP level 3. HP: 33/33 MP: 2/2
  1197 | D:2      | Reached skill level 4 in Fighting
  1622 | D:3      | Reached XP level 4. HP: 38/40 MP: 2/2
  2771 | D:4      | Found a staircase to the Ecumenical Temple.
  2787 | Temple   | Entered the Ecumenical Temple
  2878 | Temple   | Became a worshipper of Warmaster Okawaru
  2982 | D:4      | Reached XP level 5. HP: 44/46 MP: 2/2
  3194 | D:4      | Noticed a centaur
  3200 | D:4      | Killed a centaur
  3200 | D:4      | Reached skill level 5 in Maces & Flails
  3200 | D:4      | Reached XP level 6. HP: 33/53 MP: 3/3
  3350 | D:4      | Reached skill level 1 in Invocations
  3948 | D:5      | Entered Level 5 of the Dungeon
  4012 | D:5      | Noticed Ijyb
  4022 | D:5      | Killed Ijyb
  4044 | D:5      | Reached skill level 5 in Armour
  4076 | D:5      | Acquired Okawaru's first power
  4372 | D:5      | Noticed a human
  4402 | D:5      | Found a basalt altar of Yredelemnul.
  4409 | D:5      | Reached skill level 5 in Fighting
  4409 | D:5      | Reached XP level 7. HP: 58/61 MP: 2/4
  4423 | D:5      | Reached skill level 6 in Maces & Flails
  4547 | D:5      | Noticed gw's ghost (experienced MiFi)
  5142 | D:5      | Killed gw's ghost
  5142 | D:5      | Reached skill level 7 in Maces & Flails
  5142 | D:5      | Reached XP level 8. HP: 36/70 MP: 4/6
  5487 | D:5      | Noticed Menkaure
  5492 | D:5      | Killed Menkaure
  6051 | D:6      | Noticed Sigmund
  6059 | D:6      | Killed Sigmund
  6203 | D:6      | Found Bishu's Armour Emporium.
  6221 | D:6      | Reached skill level 8 in Maces & Flails
  6371 | D:6      | Noticed Prince Ribbit
  6371 | D:6      | Noticed Eustachio
  6371 | D:6      | Killed Prince Ribbit
  6399 | D:6      | HP: 2/71 [crimson imp[Eustachio] (3)]
  6400 | D:6      | Mangled by an orc warrior

Action                   |  1- 3 |  4- 6 |  7- 9 || total
-------------------------+-------+-------+-------++-------
Melee: Flail             |    98 |    13 |     2 ||   113
       Morningstar       |       |   119 |   121 ||   240
Throw: Stone             |    50 |    85 |    77 ||   212
Invok: Heroism           |       |     1 |     5 ||     6
  Use: Potion            |    10 |     6 |     4 ||    20
       Scroll            |     9 |     3 |     2 ||    14
  Eat: Chunk             |     3 |     4 |     7 ||    14
       Bread ration      |       |     1 |       ||     1

Vault maps used:
D:1:      moated_graveyard_arrival, fountainhead
D:2:      kennysheep_the_goblin_king
D:3:      first_bread
D:4:      minmay_temple_entry_grid
D:5:      dk_yredelemnul_ordeal, uniq_iyjb, uniq_menkaure
D:6:      serial_shops, shop, uniq_prince_ribbit1, uniq_sigmund, uniq_eustachio
Temple:   kilobyte_greek_temple_18
